 Dungeon Sprint DCSS version 0.21.1-1-g345015f (webtiles) character file.

4400000 Fang the Axe Maniac (level 24, -40/249 HPs)
             Began as a Minotaur Gladiator on May 22, 2018.
             Was the Champion of Makhleb.
             Annihilated by The Servant
             ... wielding a +9 glaive of flaming
              (44 damage)
             ... in the Dungeon (Sprint VIII: "Arena of Blood").
             The game lasted 00:01:06 (44 turns).

Fang the Axe Maniac (Minotaur Gladiator)              Turns: 44, Time: 00:01:06

Health: -40/249    AC:  6    Str: 30    XL:     24   Next: 70%
Magic:  21/53      EV: 29    Int:  5    God:    Makhleb [******]
Gold:   0          SH:  0    Dex: 13    Spells: 77/77 levels left

rFire    . . .     SeeInvis .   l - +∞ Axe of Woe
rCold    . . .     Gourm    .   (shield currently unavailable)
rNeg     . . .     Faith    .   b - +0 leather armour
rPois    .         Spirit   .   c - +0 hat
rElec    .         Reflect  .   (no cloak)
rCorr    .         Harm     .   (no gloves)
MR       +....     NoTele   +   (no boots)
Stlth    +++++++++.             (no amulet)
HPRegen  0.51/turn              (no ring)
MPRegen  0.33/turn              (no ring)

@: no status effects
A: retaliatory headbutt, horns 2
a: Minor Destruction, Lesser Servant of Makhleb, Major Destruction, Greater
Servant of Makhleb, Renounce Religion


You were in the Dungeon.
You worshipped Makhleb.
Makhleb was exalted by your worship.
You were not hungry.

You visited 1 branch

Inventory:

Hand Weapons
 a - a +0 war axe
 l - the +∞ Axe of Woe (weapon)
   (You found it in the Dungeon)
Missiles
 d - 3 throwing nets (quivered)
Armour
 b - a +0 leather armour (worn)
 c - a +0 hat (worn)
Scrolls
 k - a scroll of blinking
Potions
 e - a potion of curing
 g - a potion of heal wounds
 h - a potion of haste
 i - 2 potions of magic
 j - a potion of berserk rage
Comestibles
 f - a ration


   Skills:
 O Level 27 Fighting
 O Level 27 Axes
 O Level 27 Throwing
 O Level 27 Armour
 O Level 27 Dodging
 O Level 27 Stealth
 O Level 27 Unarmed Combat
 O Level 27 Spellcasting
 O Level 27 Invocations


You had 77 spell levels left.
You didn't know any spells.

Dungeon Overview and Level Annotations

Branches:
Dungeon (1/1)

Altars:
Makhleb

Annotations:
D The Servant


Innate Abilities, Weirdness & Mutations

You reflexively headbutt those who attack you in melee.
You have a pair of horns on your head.


Message History

The Servant completely misses you.
The destroyer blinks!
You hear a shout! x2
You are too injured to fight recklessly!
Unknown command.
You are too injured to fight recklessly!
You are engulfed in blazing flames.
You hear a shout! x3
The sculptor of flesh appears out of thin air!
A sculptor of flesh comes into view. It is wielding a +9 great sword.
The destroyer appears out of thin air!
A destroyer comes into view.
It is wielding a +9 great sword of slicing.
You hear a shout!
The destroyer blinks!
You hear a shout!
The meat berserker is engulfed in blazing flames.
The Servant is engulfed in blazing flames.
The Servant hits you from afar with a +9 glaive of flaming!!!!
* * * LOW HITPOINT WARNING * * *
The Servant burns you!!!
You die...

#... .# #... #...
..# ....###...
..###.
....V....###......
.#........_......
.......#....%#
.......#§§<._#
.....§)#§D...#..
.#z...x@§Ox......
......)O§###......
....###§§@....###.
... #.).....# z
#.......#
..V...§...
...........
...zOo......
............#


You could see The Servant, an eight-headed meat hydra, 2 destroyers, 3 sculptors
of flesh, a large bag of meat (inner flame), 2 meat berserkers, a bag of meat
and 2 crawling corpses.

Vanquished Creatures
  3 vampire knights (D)
  7 ogres (D)
  4 two-headed ogres (D)
  32 orcs (D)
  A skeletal warrior (D)
  4 large abominations (D)
  A small abomination (D)
  2 crawling corpses (D)
54 creatures vanquished.

Vanquished Creatures (others)
  A crawling corpse (D)
1 creature vanquished.

Grand Total: 55 creatures vanquished

Notes
Turn   | Place    | Note
-------+----------+-------------------------------------------
     0 | D        | Found the +∞ Axe of Woe
     0 | D        | Fang the Minotaur Gladiator began the quest for the Orb.
     0 | D        | Reached XP level 1. HP: 18/18 MP: 0/0
     4 | D        | Noticed a bag of meat
     4 | D        | Became a worshipper of Makhleb the Destroyer
     5 | D        | Noticed a bag of meat
     7 | D        | Noticed a bag of meat
     7 | D        | Noticed a bag of meat
     7 | D        | Noticed a bag of meat
     9 | D        | Noticed a bag of meat
     9 | D        | Noticed a bag of meat
    10 | D        | Noticed a meat berserker
    10 | D        | Killed a bag of meat
    10 | D        | Reached XP level 2. HP: 40/40 MP: 1/1
    10 | D        | Reached XP level 3. HP: 47/47 MP: 2/2
    10 | D        | Reached XP level 4. HP: 55/55 MP: 3/3
    10 | D        | Reached XP level 5. HP: 61/61 MP: 4/4
    10 | D        | Reached XP level 6. HP: 68/68 MP: 5/5
    10 | D        | Reached XP level 7. HP: 74/74 MP: 6/6
    10 | D        | Reached XP level 8. HP: 82/82 MP: 7/7
    10 | D        | Reached XP level 9. HP: 89/89 MP: 8/8
    10 | D        | Reached XP level 10. HP: 96/96 MP: 9/9
    10 | D        | Reached XP level 11. HP: 103/103 MP: 10/10
    11 | D        | Killed a bag of meat
    11 | D        | Reached * piety under Makhleb
    11 | D        | Reached XP level 12. HP: 69/115 MP: 11/11
    11 | D        | Killed a bag of meat
    11 | D        | Reached XP level 13. HP: 75/125 MP: 12/12
    12 | D        | Noticed a meat berserker
    12 | D        | Noticed a bag of meat
    12 | D        | Killed a meat berserker
    12 | D        | Reached skill level 27 in Axes
    12 | D        | Reached XP level 14. HP: 52/140 MP: 13/13
    13 | D        | Noticed a large bag of meat
    14 | D        | Noticed a bag of meat
    14 | D        | Killed a bag of meat
    14 | D        | Reached ** piety under Makhleb
    14 | D        | Reached skill level 27 in Dodging
    14 | D        | Reached XP level 15. HP: 27/155 MP: 14/14
    15 | D        | Reached skill level 5 in Armour
    15 | D        | Killed a meat berserker
    15 | D        | Reached *** piety under Makhleb
    15 | D        | Reached skill level 27 in Fighting
    15 | D        | Reached XP level 16. HP: 183/183 MP: 15/15
    17 | D        | Reached skill level 10 in Armour
    18 | D        | Noticed a meat berserker
    19 | D        | Noticed a meat berserker
    19 | D        | Killed a large bag of meat
    19 | D        | Reached skill level 27 in Throwing
    19 | D        | Reached XP level 17. HP: 157/191 MP: 16/16
    21 | D        | Reached **** piety under Makhleb
    22 | D        | Noticed a large bag of meat
    23 | D        | Reached skill level 27 in Armour
    23 | D        | Killed a meat berserker
    23 | D        | Reached XP level 18. HP: 200/200 MP: 16/29
    23 | D        | Reached skill level 15 in Unarmed Combat
    23 | D        | Reached skill level 10 in Spellcasting
    24 | D        | Killed a meat berserker
    24 | D        | Reached ***** piety under Makhleb
    24 | D        | Reached skill level 15 in Stealth
    24 | D        | Reached XP level 19. HP: 207/207 MP: 16/35
    25 | D        | Reached skill level 15 in Spellcasting
    26 | D        | Noticed a large bag of meat
    26 | D        | Noticed a destroyer
    26 | D        | Reached XP level 20. HP: 216/216 MP: 16/39
    27 | D        | Noticed a meat berserker
    28 | D        | Noticed a destroyer
    28 | D        | Killed a large bag of meat
    28 | D        | Reached ****** piety under Makhleb
    29 | D        | Noticed a large bag of meat
    30 | D        | Reached skill level 27 in Unarmed Combat
    30 | D        | Killed a meat berserker
    30 | D        | Reached skill level 27 in Invocations
    30 | D        | Reached XP level 21. HP: 205/224 MP: 17/44
    31 | D        | Killed a destroyer
    31 | D        | Reached skill level 27 in Stealth
    32 | D        | Reached skill level 27 in Spellcasting
    32 | D        | Reached XP level 22. HP: 233/233 MP: 17/52
    33 | D        | Noticed a destroyer
    33 | D        | Killed a destroyer
    34 | D        | Killed a large bag of meat
    34 | D        | Reached XP level 23. HP: 240/240 MP: 18/53
    35 | D        | Noticed The Servant
    38 | D        | Killed a large bag of meat
    39 | D        | Noticed a destroyer
    40 | D        | Killed a destroyer
    40 | D        | Reached XP level 24. HP: 202/249 MP: 19/53
    44 | D        | HP: 4/249 [The Servant/+9 glaive of flaming (92)]
    44 | D        | Annihilated by The Servant

Skill      XL: |  1  2  3  4  5  6  7  8  9 10 11 12 13 14 15 16 17 18 19 20 21 |
---------------+----------------------------------------------------------------+-----
Fighting       | 11 13 14 17 20 27 | 27.0
Axes           | 20 23 25 27 | 27.0
Throwing       | 9 11 12 14 16 24 27 | 27.0
Dodging        | 19 21 23 26 27 | 27.0
Armour         | 2 8 22 27 | 27.0
Stealth        | 11 16 20 25 27 | 27.0
Unarmed Combat | 13 19 24 27 | 27.0
Spellcasting   | 8 13 16 20 27 | 27.0
Invocations    | 12 17 22 27 | 27.0

Action                   |  1- 3 |  4- 6 |  7- 9 | 10-12 | 13-15 | 16-18 | 19-21 | 22-24 || total
-------------------------+-------+-------+-------+-------+-------+-------+-------+-------++-------
Melee: Executioner's axe |     1 |       |       |     1 |     3 |     5 |     6 |     9 ||    25
Dodge: Dodged            |       |       |       |       |       |     2 |       |     2 ||     4
